Map: Pride of Altaris LE

Players

ftwoamove - Winner!

  • Race: Terran Terran
  • League: Platinum
  • Spawn Location: 5:00

ovb

  • Race: Protoss Protoss
  • League: Platinum
  • Spawn Location: 11:00

VOD

Have the link to the VOD?

Description

Time

  • Played on: May 28, 2022, 1:58 p.m.
  • Length: 14:08
Show
View Real Time Build Order
Export as new Build Order

ftwoamove Terran - Winner!

Build Orders:  

Get SALT Encoding   

  12  0:00  SCV  
  13  0:12  SCV  
  14  0:20  Supply Depot  
  14  0:25  SCV  
  15  0:42  SCV  
  16  0:44  Barracks  
  16  0:49  Refinery  
  16  0:54  SCV  
  17  1:06  SCV  
  18  1:18  SCV  
  20  1:38  Command Center  
  20  1:41  Orbital Command  
  20  1:43  Marine  
  19  2:11  SCV  
  20  2:21  Factory  
  20  2:22  Barracks Reactor  
  20  2:24  SCV  
  20  2:28  Supply Depot  
  21  2:35  Refinery  
  21  2:36  SCV  
  22  2:45  Barracks  
  22  2:48  SCV  
  23  2:54  Bunker, Orbital Command  
  23  2:59  Marine x2  
  23  3:03  SCV  
  25  3:15  SCV  
  25  3:16  Marine  
  27  3:21  SCV  
  27  3:24  Supply Depot  
  28  3:27  SCV  
  28  3:30  Factory Tech Lab  
  28  3:33  SCV, Barracks Tech Lab  
  30  3:39  SCV  
  31  3:46  Supply Depot  
  31  3:49  SCV  
  31  3:51  Starport  
  31  3:54  Siege Tank  
  35  3:56  SCV  
  36  4:03  Supply Depot  
  36  4:05  SCV  
  36  4:07  Marine  
  36  4:08  Marine  
  36  4:09  SCV  
  40  4:17  SCV  
  40  4:19  Supply Depot  
  40  4:21  SCV  
  42  4:26  Marine x2  
  44  4:32  Supply Depot  
  44  4:33  SCV x2  
  44  4:34  Supply Depot, Marine  
  49  4:45  SCV x2  
  49  4:54  Marine x2  
  49  4:57  SCV x2, Starport Reactor  
  53  5:08  Refinery  
  53  5:09  SCV x2  
  53  5:10  Engineering Bay  
  53  5:12  Refinery  
  55  5:15  Marine  
  55  5:16  Engineering Bay  
  56  5:22  SCV x2  
  56  5:24  Marine x2  
  60  5:34  SCV x2  
  60  5:35  Supply Depot  
  62  5:38  Medivac x2  
  66  5:43  Marine x3  
  66  5:46  SCV x2, Widow Mine  
  73  5:51  Terran Infantry Weapons Level 1, Terran Infantry Armor Level 1  
  73  5:55  Stimpack  
  73  6:01  SCV x2  
  73  6:02  Armory  
  75  6:11  Marine x3  
  75  6:14  Widow Mine  
  80  6:28  Command Center  
  80  6:29  Marine x2  
  80  6:30  Marine  
  83  6:47  Marine x2  
  85  6:55  Siege Tank  
  85  6:56  Medivac x2  
  85  6:58  SCV x2  
  94  7:03  Terran Vehicle Weapons Level 1  
  94  7:10  SCV x2  
  96  7:22  SCV x2  
  97  7:30  Marine x3  
  97  7:34  SCV x2  
  102  7:39  Siege Tank  
  101  7:46  SCV x2  
  101  7:48  Marine x3  
  96  7:52  Medivac  
  92  8:06  Marine x3  
  92  8:07  Barracks x2  
  92  8:09  Barracks  
  92  8:10  SCV x2  
  97  8:12  Barracks  
  97  8:20  Thor  
  97  8:22  SCV x2, Medivac x2  
  97  8:23  Terran Infantry Weapons Level 2  
  97  8:24  Marine x3  
  112  8:28  Terran Infantry Armor Level 2  
  112  8:32  SCV  
  113  8:34  SCV x2  
  115  8:42  Marine x2  
  115  8:45  Orbital Command  
  117  8:54  Supply Depot x2  
  117  8:56  SCV x2, Barracks Reactor, Marine  
  117  8:57  Barracks Reactor  
  117  8:58  Supply Depot, Barracks Reactor  
  117  8:59  Barracks Reactor, Marine x2  
  117  9:02  Terran Vehicle Weapons Level 2  
  122  9:03  Combat Shield  
  122  9:11  Missile Turret  
  122  9:14  Missile Turret, Marine  
  123  9:17  Marine x2  
  123  9:23  SCV x3  
  128  9:24  Missile Turret  
  128  9:25  Missile Turret  
  128  9:31  Marine  
  128  9:35  Barracks, SCV x3, Marine  
  133  9:39  Barracks, Marine x3  
  133  9:40  Command Center, Marine x6  
  133  9:42  Medivac  
  144  9:46  Missile Turret  
  144  9:47  SCV x3  
  144  9:49  Marine  
  148  9:53  Marine  
  149  10:12  Supply Depot  
  149  10:14  Supply Depot x2  
  149  10:15  Marine x9  
  149  10:18  Supply Depot  
  157  10:26  Missile Turret x2  
  157  10:32  Missile Turret  
  157  10:33  Medivac x2, Marine x4  
  157  10:35  Marine  
  166  10:47  Missile Turret  
  150  10:54  Marine x7  
  147  11:03  Terran Infantry Weapons Level 3, Medivac  
  147  11:04  Terran Infantry Armor Level 3  
  138  11:24  Marine x13  
  151  11:27  Siege Tank, Medivac  
  156  11:33  Medivac  
  158  11:41  Marine  
  158  11:42  Marine x9  
  158  11:43  Marine x3  
  171  11:59  Siege Tank, Marine x4  
  171  12:00  Marine x2  
  171  12:01  Command Center  
  177  12:14  Marine x7  
  176  12:17  Marine x5  
  176  12:19  Command Center  
  167  12:24  Marine  
  165  12:31  Marine x3  
  165  12:32  Marine x4  
  165  12:35  Marine  
  168  12:53  Marine x4  
  168  12:54  Marine x4  
  168  12:58  Marine x5  
  169  13:11  Marine x2  
  166  13:13  Marine x6  
  166  13:14  Planetary Fortress  
  166  13:15  Marine  
  166  13:18  Missile Turret, SCV x3  
  176  13:24  Marine x4  
  180  13:27  Widow Mine  
  180  13:28  Medivac x2  
  180  13:29  Marine x2  
  180  13:30  SCV x2  
  180  13:31  Marine x6  
  180  13:33  Marine  
  192  13:38  Missile Turret  
  187  13:59  Missile Turret  
Show
View Real Time Build Order
Export as new Build Order

ovb Protoss 

Build Orders:  

Get SALT Encoding   

  12  0:00  Probe  
  13  0:12  Probe  
  14  0:19  Pylon  
  14  0:24  Probe  
  15  0:37  Gateway  
  15  0:40  Probe (Chrono Boost)  
  17  0:51  Assimilator, Probe (Chrono Boost)  
  17  0:55  Probe (Chrono Boost)  
  18  1:07  Probe  
  19  1:13  Assimilator  
  19  1:19  Probe  
  19  1:25  Cybernetics Core  
  20  1:31  Probe (Chrono Boost)  
  21  1:43  Probe (Chrono Boost)  
  22  1:50  Probe (Chrono Boost)  
  23  2:05  Nexus  
  22  2:20  Pylon  
  22  2:21  Warp Gate (Chrono Boost)  
  22  2:32  Pylon  
  22  2:35  Probe  
  23  2:38  Adept  
  25  2:47  Probe  
  26  2:59  Probe  
  27  3:17  Nexus  
  27  3:25  Stargate  
  27  3:26  Probe (Chrono Boost)  
  28  3:36  Probe (Chrono Boost)  
  28  3:39  Probe (Chrono Boost)  
  30  3:43  Probe  
  31  3:49  Probe  
  32  3:55  Probe  
  32  3:56  Pylon  
  32  4:01  Probe  
  34  4:08  Probe  
  35  4:11  Gateway  
  35  4:12  Gateway  
  35  4:15  Forge  
  35  4:18  Probe  
  35  4:20  Probe  
  41  4:32  Probe, Void Ray (Chrono Boost)  
  41  4:36  Shield Battery  
  41  4:37  Probe  
  43  4:40  Probe  
  43  4:44  Probe  
  45  4:46  Protoss Shields Level 1 (Chrono Boost)  
  45  4:54  Gateway  
  45  4:58  Gateway  
  45  5:01  Probe x3  
  48  5:11  Shield Battery  
  48  5:12  Shield Battery  
  48  5:13  Probe x2  
  50  5:16  Stalker  
  50  5:17  Stalker  
  50  5:20  Probe  
  55  5:25  Probe  
  60  5:30  Void Ray (Chrono Boost)  
  60  5:33  Sentry  
  62  5:36  Probe x2  
  62  5:39  Assimilator  
  64  5:44  Protoss Air Weapons Level 1 (Chrono Boost), Adept x2  
  64  5:48  Probe x2  
  64  5:49  Probe  
  71  5:53  Pylon  
  71  6:01  Probe (Chrono Boost)  
  71  6:02  Pylon  
  74  6:05  Probe (Chrono Boost)  
  74  6:06  Probe (Chrono Boost)  
  74  6:08  Gateway  
  74  6:09  Pylon  
  79  6:11  Assimilator, Probe (Chrono Boost)  
  79  6:16  Probe (Chrono Boost)  
  79  6:17  Void Ray  
  80  6:18  Gateway  
  80  6:19  Gateway  
  80  6:22  Gateway  
  80  6:27  Probe (Chrono Boost)  
  80  6:29  Cybernetics Core  
  80  6:30  Probe (Chrono Boost)  
  80  6:31  Gateway  
  80  6:32  Probe (Chrono Boost)  
  83  6:36  Gateway  
  83  6:38  Assimilator  
  84  6:43  Probe (Chrono Boost)  
  84  6:45  Probe (Chrono Boost)  
  86  6:48  Sentry, Probe (Chrono Boost)  
  86  6:50  Stalker  
  86  6:52  Probe (Chrono Boost), Zealot x2  
  86  6:53  Zealot  
  97  6:54  Probe  
  98  7:01  Gateway x2  
  98  7:03  Photon Cannon  
  98  7:05  Shield Battery  
  98  7:33  Fleet Beacon  
  98  7:35  Protoss Air Armor Level 1 (Chrono Boost)  
  98  7:39  Void Ray  
  98  7:48  Pylon  
  98  7:49  Pylon, Photon Cannon  
  98  7:51  Photon Cannon  
  93  7:55  Photon Cannon  
  89  8:00  Probe (Chrono Boost)  
  90  8:10  Probe (Chrono Boost)  
  90  8:12  Photon Cannon  
  91  8:14  Pylon  
  91  8:16  Probe (Chrono Boost)  
  94  8:20  Probe (Chrono Boost)  
  94  8:21  Probe (Chrono Boost)  
  94  8:24  Flux Vanes  
  94  8:25  Probe (Chrono Boost)  
  94  8:26  Twilight Council  
  95  8:27  Pylon  
  95  8:28  Protoss Ground Weapons Level 1 (Chrono Boost)  
  95  8:29  Probe x2 (Chrono Boost)  
  95  8:30  Pylon  
  97  8:35  Carrier (Chrono Boost), Protoss Air Weapons Level 2 (Chrono Boost)  
  97  8:39  Probe  
  97  8:40  Probe  
  105  8:45  Gateway  
  105  8:49  Stargate  
  105  8:52  Probe  
  106  8:55  Assimilator  
  106  9:04  Probe  
  107  9:16  Probe  
  108  9:22  Stalker  
  108  9:23  Stalker, Nexus  
  108  9:24  Stalker, Zealot x2  
  114  9:25  Zealot x3  
  114  9:26  Zealot x3  
  130  9:32  Pylon  
  130  9:35  Pylon  
  130  9:37  Carrier (Chrono Boost)  
  130  9:40  Pylon  
  136  9:46  Zealot  
  136  9:47  Zealot  
  136  9:50  Carrier (Chrono Boost)  
  146  10:05  Gateway x2  
  146  10:09  Zealot x4  
  146  10:10  Zealot x3, Gateway  
  146  10:12  Photon Cannon  
  160  10:16  Photon Cannon  
  160  10:17  Shield Battery, Photon Cannon x2  
  160  10:20  Pylon  
  156  10:48  Stalker x2  
  156  10:49  Stalker x4  
  144  10:50  Stalker  
  102  11:05  Zealot x3  
  102  11:06  Zealot x6  
  106  11:20  Carrier x2 (Chrono Boost)  
  118  11:31  Probe (Chrono Boost)  
  119  11:33  Probe (Chrono Boost)  
  119  11:37  Charge (Chrono Boost)  
  120  11:42  Probe (Chrono Boost)  
  120  11:44  Probe (Chrono Boost)  
  122  11:47  Probe (Chrono Boost)  
  123  11:54  Stalker x3  
  123  11:59  Probe  
  120  12:20  Probe (Chrono Boost)  
  114  12:30  Probe (Chrono Boost)  
  114  12:35  Stalker x2, Probe (Chrono Boost)  
  114  12:36  Stalker x2  
  119  12:40  Stalker x2  
  119  12:41  Zealot x3  
  87  13:08  Stalker  
  87  13:09  Stalker x4  
  87  13:10  Stalker x3  
  113  13:33  Templar Archives  
  113  13:35  Gateway  
  91  13:42  Zealot x2  
  91  13:43  Zealot x5  
  91  13:44  Zealot x3  
  91  13:45  Zealot x4  
Tags
 
Add a new tag
Caveats
  • Supply blocks, unpowered buildings, or Contaminate may cause inaccurate times.
  • Supply counts are checked every 10 seconds.